Map: Cyber Forest LE

Players

Serral - Winner!

  • Race: Zerg Zerg
  • League: Master
  • Spawn Location: 5:00

ShoWTimE

  • Race: Protoss Protoss
  • League: Grandmaster
  • Spawn Location: 11:00

Event: 2019 WCS Winter Europe

VOD

Have the link to the VOD?

Description

Time

  • Played on: March 23, 2019, 12:07 p.m.
  • Length: 17:44

All games in this series

Show
View Real Time Build Order
Export as new Build Order

Serral Zerg - Winner!

Build Orders: Hatch First, Lurkers 

Get SALT Encoding   

  12  0:00  Drone  
  13  0:12  Overlord  
  13  0:17  Drone  
  14  0:31  Drone  
  15  0:43  Drone x2  
  17  0:54  Hatchery  
  17  0:55  Drone  
  17  0:59  Drone  
  17  1:03  Extractor  
  17  1:14  Spawning Pool  
  17  1:17  Drone  
  17  1:20  Drone  
  18  1:28  Drone  
  19  1:39  Drone  
  20  1:49  Overlord  
  20  2:01  Queen  
  20  2:03  Metabolic Boost  
  20  2:05  Queen  
  20  2:06  Zergling x2  
  25  2:08  Zergling x2  
  25  2:11  Drone  
  27  2:17  Zergling x2  
  27  2:22  Drone  
  29  2:40  Drone  
  29  2:41  Drone  
  29  2:43  Hatchery  
  30  2:48  Queen  
  32  2:54  Overlord  
  32  2:55  Zergling x2  
  32  2:58  Zergling x2  
  32  3:01  Zergling x2  
  32  3:04  Zergling x2  
  35  3:21  Drone x6  
  39  3:30  Lair  
  39  3:32  Drone x2  
  40  3:38  Overlord  
  40  3:41  Drone x2  
  42  3:47  Roach Warren  
  41  3:50  Extractor  
  41  3:51  Drone  
  41  3:54  Drone  
  43  3:55  Drone  
  43  3:57  Drone  
  43  4:00  Drone  
  45  4:03  Drone  
  45  4:05  Drone  
  45  4:07  Drone x2  
  49  4:13  Overlord  
  49  4:20  Spore Crawler  
  49  4:23  Zergling x10  
  53  4:27  Overseer  
  53  4:31  Roach x3  
  60  4:33  Drone  
  60  4:37  Overlord  
  60  4:38  Roach  
  63  4:40  Overseer  
  63  4:43  Roach  
  65  4:53  Overlord, Extractor  
  65  4:58  Overlord  
  65  4:59  Roach x3  
  72  5:00  Roach  
  71  5:10  Drone x4  
  67  5:15  Drone  
  67  5:18  Drone  
  67  5:20  Drone  
  68  5:22  Overlord  
  68  5:29  Overlord  
  68  5:30  Drone x2  
  68  5:32  Drone  
  68  5:34  Drone  
  72  5:39  Zergling x6  
  72  5:42  Overseer  
  75  5:45  Roach  
  75  5:48  Zergling x4  
  78  5:54  Zergling x2  
  78  5:56  Roach x2  
  83  5:57  Glial Reconstitution  
  83  5:59  Drone  
  84  6:04  Drone x2  
  84  6:05  Drone  
  84  6:08  Overlord  
  86  6:15  Overlord  
  86  6:16  Drone x3  
  87  6:21  Drone  
  87  6:22  Evolution Chamber  
  87  6:23  Extractor  
  84  6:26  Overlord  
  84  6:28  Nydus Network  
  83  6:35  Drone  
  83  6:37  Drone x3  
  83  6:39  Roach  
  93  6:40  Roach x2  
  93  6:46  Roach x4  
  101  6:53  Roach x3  
  107  7:05  Nydus Canal  
  107  7:10  Ravager x3  
  107  7:15  Overlord  
  110  7:16  Roach x4  
  110  7:17  Zergling x16  
  110  7:21  Roach  
  128  7:24  Nydus Canal  
  128  7:25  Zergling x2  
  128  7:27  Overlord  
  129  7:35  Evolution Chamber, Drone  
  129  7:36  Drone x6  
  135  7:41  Drone x2  
  137  7:44  Overlord x2  
  137  7:49  Overlord x2  
  137  7:54  Extractor x2  
  135  8:00  Queen  
  135  8:02  Zerg Missile Weapons Level 1  
  137  8:11  Drone x3  
  137  8:12  Drone x10  
  147  8:15  Roach  
  147  8:19  Roach x2  
  152  8:20  Overseer  
  152  8:26  Hydralisk Den  
  151  8:28  Roach  
  151  8:30  Roach x2  
  151  8:32  Nydus Canal  
  157  8:44  Pneumatized Carapace  
  157  8:47  Roach x4  
  165  8:49  Hatchery  
  165  8:50  Ravager x3  
  169  8:58  Grooved Spines  
  169  9:01  Lurker Den  
  160  9:11  Drone x4  
  160  9:13  Drone x2  
  165  9:17  Spine Crawler  
  165  9:18  Drone x2  
  165  9:19  Spine Crawler  
  165  9:22  Overlord x3, Overseer  
  165  9:23  Overlord x2  
  164  9:24  Extractor  
  164  9:30  Hydralisk x2  
  167  9:32  Extractor  
  167  9:34  Hydralisk  
  166  9:45  Overseer  
  166  9:46  Hydralisk  
  166  9:47  Hydralisk x3  
  174  9:56  Zerg Missile Weapons Level 2  
  174  9:59  Drone x3  
  177  10:03  Hydralisk  
  177  10:04  Hydralisk x2  
  177  10:06  Spine Crawler  
  182  10:09  Muscular Augments, Queen  
  182  10:11  Drone  
  185  10:21  Hydralisk x2  
  195  10:42  Lurker x5  
  196  10:43  Lurker x2  
  196  10:44  Lurker x3  
  196  10:47  Nydus Canal  
  187  10:58  Hydralisk x6  
  187  11:03  Nydus Canal  
  199  11:06  Overseer  
  199  11:10  Overseer  
  199  11:14  Infestation Pit, Overseer  
  198  11:20  Hatchery  
  198  11:25  Hydralisk  
  197  11:29  Hydralisk, Nydus Canal  
  197  11:30  Hydralisk  
  196  11:44  Hydralisk  
  197  11:50  Hydralisk x5  
  197  11:53  Hydralisk x9  
  199  11:56  Hydralisk  
  199  11:57  Hydralisk x3, Zergling x20  
  199  12:00  Hydralisk x2  
  171  12:03  Zergling x6  
  172  12:14  Hive  
  172  12:16  Drone x6  
  172  12:18  Lurker x2  
  172  12:20  Overseer  
  180  12:24  Nydus Canal  
  180  12:26  Hydralisk x2  
  180  12:27  Zergling x4  
  186  12:36  Hydralisk  
  186  12:37  Hydralisk x3, Zergling x2  
  187  12:44  Queen, Drone x2  
  187  12:46  Spine Crawler  
  187  12:48  Spore Crawler, Drone  
  189  12:59  Hydralisk x5  
  189  13:02  Nydus Canal  
  197  13:20  Hydralisk x2  
  197  13:28  Adaptive Talons  
  197  13:33  Spire  
  191  13:34  Nydus Canal  
  189  13:41  Hydralisk x3  
  197  13:48  Lurker x4, Nydus Canal  
  193  13:57  Extractor  
  193  13:58  Extractor, Drone x3  
  193  13:59  Drone x3  
  193  14:01  Zerg Missile Weapons Level 3  
  197  14:04  Overlord, Spine Crawler  
  197  14:05  Spine Crawler  
  197  14:07  Spine Crawler  
  197  14:08  Spine Crawler  
  193  14:19  Nydus Canal  
  193  14:24  Hydralisk x3  
  193  14:30  Nydus Canal  
  199  14:34  Hydralisk x2  
  199  14:37  Hydralisk  
  196  14:40  Hydralisk x4  
  190  14:48  Hydralisk x5  
  194  14:58  Hydralisk x2  
  194  14:59  Hydralisk x8, Overseer  
  197  15:04  Lurker x2  
  168  15:08  Hydralisk x2  
  168  15:09  Roach x3, Zergling x6  
  168  15:11  Hydralisk  
  182  15:18  Hydralisk x3  
  188  15:24  Hydralisk x2, Nydus Canal  
  192  15:32  Lurker x2  
  192  15:33  Lurker  
  192  15:34  Zergling x8  
  192  15:35  Zergling x2  
  191  15:50  Nydus Canal  
  191  15:55  Lurker x5  
  194  15:57  Zergling x6  
  191  16:04  Zergling x2  
  191  16:05  Hatchery  
  191  16:07  Zergling x12  
  191  16:10  Zergling x4  
  185  16:12  Zergling x2  
  185  16:15  Hydralisk  
  185  16:17  Zergling x4  
  181  16:21  Zergling x6  
  172  16:27  Hydralisk x2  
  172  16:29  Hydralisk  
  172  16:31  Hydralisk  
  158  16:33  Hydralisk  
  158  16:36  Hydralisk  
  149  16:41  Hydralisk  
  131  17:03  Nydus Canal  
  131  17:04  Hydralisk x7  
  144  17:09  Hydralisk x2  
  144  17:11  Hydralisk  
  144  17:15  Hydralisk  
  150  17:18  Nydus Canal  
  150  17:19  Drone  
  155  17:23  Zergling x4  
  157  17:31  Nydus Canal  
Show
View Real Time Build Order
Export as new Build Order

ShoWTimE Protoss 

Build Orders: 1 Gate Expand, Archon Immortal, Archon Drop, Dark Templar Rush 

Get SALT Encoding   

  12  0:00  Probe  
  13  0:13  Probe, Pylon  
  14  0:21  Probe  
  15  0:31  Probe  
  16  0:40  Gateway  
  16  0:43  Probe  
  16  0:48  Assimilator  
  17  0:55  Probe  
  18  1:08  Probe  
  19  1:20  Probe  
  20  1:27  Cybernetics Core  
  20  1:35  Nexus  
  20  1:38  Probe  
  21  1:46  Pylon  
  21  1:50  Probe  
  21  1:54  Assimilator, Adept  
  22  2:02  Probe  
  25  2:14  Probe, Adept  
  26  2:21  Warp Gate  
  26  2:26  Probe  
  29  2:34  Twilight Council  
  29  2:38  Probe  
  29  2:43  Probe  
  30  2:46  Stalker  
  30  2:50  Probe  
  34  2:51  Probe  
  35  3:01  Probe  
  35  3:02  Probe  
  35  3:04  Robotics Facility  
  37  3:09  Probe  
  37  3:14  Probe  
  37  3:17  Probe  
  39  3:27  Probe, Gateway  
  38  3:29  Probe  
  37  3:38  Dark Shrine  
  37  3:39  Probe  
  38  3:42  Gateway  
  38  3:43  Probe  
  38  3:46  Warp Prism  
  38  3:48  Gateway  
  39  3:51  Probe  
  40  3:59  Probe  
  43  4:05  Pylon  
  43  4:09  Adept  
  45  4:17  Probe  
  45  4:19  Assimilator, Probe  
  45  4:21  Assimilator  
  46  4:25  Adept  
  46  4:29  Probe  
  49  4:31  Probe  
  49  4:34  Pylon  
  50  4:41  Probe  
  50  4:43  Probe  
  52  4:49  Pylon  
  52  4:53  Pylon  
  52  4:56  Dark Templar x3  
  52  4:57  Dark Templar  
  60  5:01  Pylon  
  58  5:18  Immortal  
  58  5:19  Probe  
  59  5:29  Adept  
  59  5:32  Probe x2  
  59  5:33  Forge  
  63  5:35  Archon  
  63  5:36  Dark Templar  
  63  5:38  Adept  
  63  5:39  Adept  
  63  5:41  Archon  
  69  5:43  Pylon  
  69  5:44  Probe x2  
  71  5:52  Charge  
  71  5:55  Pylon  
  71  5:56  Probe  
  72  5:57  Observer  
  72  5:59  Protoss Ground Weapons Level 1  
  73  6:05  Stalker, Pylon  
  73  6:10  Nexus  
  75  6:15  Pylon  
  75  6:17  Probe x2  
  71  6:29  Sentry x3, Probe  
  71  6:30  Probe  
  71  6:32  Immortal  
  79  6:39  Shield Battery  
  83  6:41  Probe  
  84  6:49  Gateway  
  84  6:50  Sentry, Probe  
  84  6:51  Gateway  
  84  6:54  Probe  
  88  6:58  Zealot x3  
  88  7:01  Immortal  
  93  7:07  Pylon  
  97  7:17  Pylon  
  97  7:24  Stalker  
  97  7:28  Stalker x3  
  105  7:31  Immortal  
  105  7:37  Pylon  
  105  7:40  Protoss Ground Weapons Level 2  
  109  7:45  Pylon  
  109  7:48  Dark Templar x2  
  113  8:05  Immortal  
  111  8:14  Nexus  
  111  8:16  Pylon  
  115  8:24  Zealot x3  
  115  8:25  Zealot  
  123  8:44  Dark Templar x2  
  123  8:45  Zealot x2  
  131  8:50  Immortal, Archon  
  131  8:54  Dark Templar  
  133  8:56  Pylon  
  137  9:04  Zealot  
  138  9:22  Zealot x4  
  138  9:23  Immortal  
  146  9:27  Pylon  
  146  9:37  Probe x2  
  152  9:39  Probe, Templar Archives  
  153  9:55  Probe  
  153  9:56  Assimilator, Probe x2  
  153  9:59  Assimilator, Protoss Ground Weapons Level 3  
  156  10:02  Zealot x3  
  156  10:03  Zealot x2  
  166  10:08  Psionic Storm  
  166  10:13  Pylon  
  164  10:29  Warp Prism  
  164  10:34  High Templar x2  
  164  10:35  High Templar  
  170  10:37  Photon Cannon  
  170  10:39  Shield Battery  
  170  10:42  High Templar  
  172  10:49  Pylon  
  172  10:55  High Templar  
  174  11:12  Zealot x4  
  174  11:14  Observer  
  174  11:17  Dark Templar, Pylon  
  184  11:22  Stargate  
  185  11:30  Dark Templar  
  185  11:32  Dark Templar  
  179  11:40  Zealot x3  
  179  11:44  Immortal  
  185  11:52  Zealot, Observer  
  165  12:00  Archon x2  
  127  12:01  High Templar x2  
  127  12:03  Zealot x2  
  133  12:09  High Templar  
  133  12:10  Probe  
  133  12:11  Probe x2  
  138  12:16  High Templar  
  138  12:22  Immortal  
  140  12:26  High Templar  
  140  12:28  Zealot  
  148  12:36  Oracle  
  148  12:39  High Templar  
  148  12:53  Gateway  
  148  12:54  Gateway  
  148  12:55  Zealot x4  
  148  12:57  Pylon  
  156  12:59  Pylon  
  156  13:01  Pylon  
  156  13:03  Immortal  
  154  13:19  Zealot x6  
  154  13:36  Observer  
  154  13:38  High Templar x2  
  158  13:45  High Templar x2  
  158  13:48  Zealot x3  
  169  13:51  Zealot  
  169  13:53  Immortal  
  169  14:15  Pylon  
  169  14:17  Zealot x4  
  169  14:18  Zealot x4  
  185  14:25  Immortal  
  185  14:38  Dark Templar x2  
  185  14:39  Zealot x2  
  191  14:51  Zealot x4  
  187  14:59  Zealot  
  157  15:03  Zealot  
  148  15:15  High Templar x6  
  148  15:20  Archon x3  
  160  15:27  Zealot x2  
  152  15:47  Zealot x5  
  154  15:57  Gateway  
  154  16:00  Gateway  
  124  16:13  Zealot x3  
  116  16:35  Zealot x3  
  90  16:57  Zealot x5  
  90  16:58  Oracle  
  99  17:17  Zealot x3  
  99  17:18  Zealot  
  80  17:38  Zealot x3  
Tags
 
Add a new tag
Caveats
  • Supply blocks, unpowered buildings, or Contaminate may cause inaccurate times.
  • Supply counts are checked every 10 seconds.